 Dungeon Crawl Stone Soup version 0.26.1-10-gdfb7c7de75 (webtiles) character file.

Game seed: 9998300424915093540

182 goldendragon the Slasher (level 5, -2/47 HPs)
             Began as a Minotaur Monk on Apr 9, 2021.
             Was a Believer of Vehumet.
             Slain by olmar's ghost (4 damage)
             ... on level 4 of the Dungeon.
             The game lasted 00:29:33 (3650 turns).

goldendragon the Slasher (Minotaur Monk)            Turns: 3650, Time: 00:29:33

Health: -2/47      AC: 15    Str: 17    XL:     5   Next: 35%
Magic:  14/14      EV: 12    Int:  7    God:    Vehumet [**....]
Gold:   201        SH:  0    Dex: 12    Spells: 5/6 levels left

rFire    . . .     SeeInvis .   q - +0 mace (protect)
rCold    . . .     Faith    .   (no shield)
rNeg     . . .     Spirit   .   B - +0 ring mail (curse)
rPois    .         Reflect  .   (helmet restricted)
rElec    .         Harm     .   y - +0 cloak
rCorr    .         Rampage  .   e - +0 pair of gloves
Will     .....                  m - +0 pair of boots
Stlth    +.........             (no amulet)
HPRegen  0.15/turn              k - ring of magical power
MPRegen  0.14/turn              (no ring)

@: protection aura
A: retaliatory headbutt, horns 2
a: Renounce Religion


You were on level 4 of the Dungeon.
You worshipped Vehumet.
Vehumet was pleased with you.
You visited 1 branch of the dungeon, and saw 4 of its levels.

You collected 201 gold pieces.

Inventory:

Hand Weapons
 a - a +0 falchion
 q - a +0 mace of protection (weapon)
 z - a +2 flail of protection
Armour
 e - a +0 pair of gloves (worn)
 m - a +0 pair of boots (worn)
 u - a +0 ring mail
 y - a +0 cloak (worn)
 B - a cursed +0 ring mail (worn)
Jewellery
 k - a ring of magical power (left hand)
 r - an uncursed ring of poison resistance {unknown}
 x - a +6 ring of dexterity {unknown}
Wands
 C - a wand of flame (19)
Scrolls
 b - 2 scrolls of teleportation
 f - 2 scrolls of fear
 g - 2 scrolls of noise
 j - a scroll of enchant armour {unknown}
 l - a scroll of magic mapping {unknown}
 n - a scroll of remove curse {unknown}
 o - a scroll of amnesia {unknown}
 v - a scroll of random uselessness {unknown}
 w - a scroll of fog
 A - a scroll of immolation {unknown}
Potions
 c - a potion of flight
 d - 2 potions of lignification
 h - a potion of mutation {unknown}
 i - 2 potions of haste {unknown}
 p - a potion of curing {unknown}
 s - a potion of heal wounds {unknown}
 t - a potion of might {unknown}


   Skills:
 + Level 4.5 Fighting
 + Level 4.9 Long Blades
 + Level 0.4 Maces & Flails
 + Level 0.4 Armour
 + Level 4.1 Dodging
 + Level 1.9 Stealth
 * Level 1.1 Spellcasting
 + Level 0.2 Conjurations
 + Level 0.4 Air Magic


You had 5 spell levels left.
You knew the following spells:

 Your Spells              Type           Power        Failure   Level
a - Shock                 Conj/Air       0%           56%         1

Your spell library contained the following spells:

 Spells                   Type           Power        Failure   Level
 Static Discharge         Conj/Air       0%           90%         3


Dungeon Overview and Level Annotations

Branches:
Dungeon (4/15)
 Temple: D:4-7

Altars:
Dithmenos
Fedhas
Kikubaaqudgha
Ru
Trog
Vehumet

Annotations:
D:4 1 transporter, olmar's ghost, amateur GrFi


Innate Abilities, Weirdness & Mutations

You reflexively headbutt those who attack you in melee.
You have a pair of horns on your head.


Message History

The ogre closely misses you.
You hit the ogre.
The ogre is lightly wounded.
Olmar's ghost hits you but does no damage.
The ogre barely misses you.
You thump the ogre!
The ogre is heavily wounded.
Olmar's ghost hits you but does no damage.
The ogre hits you with a +0 giant spiked club.
Olmar's ghost hits you.
You hit the ogre. You headbutt the ogre.
The ogre is severely wounded.
Olmar's ghost hits you!
The ogre hits you with a +0 giant spiked club!
* * * LOW HITPOINT WARNING * * *
You barely miss the ogre.
The ogre is severely wounded.
Olmar's ghost hits you!
* * * LOW HITPOINT WARNING * * *
You die...

....## #.# ..§## #.## ..##
####.######## # ..#
#....#©.....##### #
########.#..#..##..#...# #
............#.#..#.###.##### #
##.######...#.#..#.# #.#...# #
#(# #..©#..##..# #.....# # ##.#
#...#?OO@.©# ###...# # <..#
##[©#$.##W.# ##.## # ##.#
##.#.#..#.# #.# # #.#
##..#.#W.#.# #.## # ##.#
##...#..##..#### #..## # ...#
##....#......##.###...# #
...####.....########..(####.#####
......'.........'.......##...##..
..(.###.........####...##.....##.


You could see 2 ogres and olmar's ghost.

Vanquished Creatures
  A centaur skeleton (D:4)
  A worker ant (D:4)
  4 adders
  An ooze (D:1)
  3 worms
  6 dart slugs
  4 leopard geckos
  An orc (D:3)
  8 bats
  4 giant cockroaches
  4 goblins
  10 hobgoblins
  5 kobolds (D:1)
  A ball python skeleton (D:4)
  5 frilled lizards
  A quokka skeleton (D:4)
  12 rats
71 creatures vanquished.

Notes
Turn   | Place    | Note
-------+----------+-------------------------------------------
     0 | D:1      | goldendragon the Minotaur Monk began the quest for the Orb.
     0 | D:1      | Reached XP level 1. HP: 19/19 MP: 0/0
    60 | D:1      | Reached XP level 2. HP: 17/27 MP: 1/1
   318 | D:1      | Reached XP level 3. HP: 27/33 MP: 2/2
  1048 | D:2      | Found a sacrificial altar of Ru.
  1103 | D:2      | Found a radiant altar of Vehumet.
  1103 | D:2      | Found a blossoming altar of Fedhas.
  1109 | D:2      | Became a worshipper of Vehumet
  1109 | D:2      | Reached * piety under Vehumet
  1109 | D:2      | Offered knowledge of Shock by Vehumet.
  1109 | D:2      | Reached ** piety under Vehumet
  1224 | D:2      | Learned a level 1 spell: Shock
  1380 | D:2      | Offered knowledge of Sandblast by Vehumet.
  1702 | D:3      | Reached XP level 4. HP: 36/41 MP: 3/3
  2354 | D:3      | Noticed a moth of wrath
  2356 | D:3      | Found a bloodstained altar of Trog.
  2368 | D:3      | Offered knowledge of Static Discharge by Vehumet.
  2549 | D:4      | Found a transporter.
  2550 | D:4      | Noticed olmar's ghost (amateur GrFi)
  2551 | D:4      | Found a transporter.
  2551 | D:4      | Noticed an ogre
  2552 | D:4      | Noticed an ogre
  2594 | D:4      | Reached skill level 1 in Spellcasting
  2594 | D:4      | Reached XP level 5. HP: 42/47 MP: 5/5
  2631 | D:4      | Found a shadowy altar of Dithmenos.
  2876 | D:4      | Found an ancient bone altar of Kikubaaqudgha.
  3650 | D:4      | HP: 2/47 [olmar's ghost (11)]
  3650 | D:4      | Slain by olmar's ghost

Illustrated notes

Levels and vault maps discovered:
D:1:      lemuel_arrival_tunnels, layout_rooms
D:2:      minmay_angry_zag, layout_basic, nicolae_ru_path_of_blood,
          gammafunk_temple_overflow_wave
D:3:      layout_loops_ring, tgw_trog
D:4:      layout_loops_corners, lemuel_round_altar,
          nicolae_dithmenos_the_darkroom, gammafunk_ghost_smash

Skill      XL: |  1  2  3  4 |
---------------+-------------+-----
Fighting       | 4 |  4.5
Long Blades    | 4 |  4.9
Dodging        | 4 |  4.1
Spellcasting   | 1 |  1.1
Maces & Flails | |  0.4
Armour         | |  0.4
Stealth        | |  1.9
Conjurations   | |  0.2
Air Magic      | |  0.4

Action                   |  1- 3 |  4- 6 || total
-------------------------+-------+-------++-------
Melee: Falchion          |    73 |    29 ||   102
       Headbutt          |    15 |    12 ||    27
       Mace              |       |    37 ||    37
 Cast: Shock             |     5 |     2 ||     7
  Use: Scroll            |     5 |     5 ||    10
 Stab: Sleeping          |     1 |       ||     1
Armor: Robe              |     8 |       ||     8
       Ring mail         |       |    28 ||    28
       Leather armour    |       |     1 ||     1
Dodge: Dodged            |    45 |    53 ||    98
       Rpst.: Falchion   |     5 |     8 ||    13
